 Dungeon Crawl Stone Soup version 0.28-a0-1184-g53156a8862 (webtiles) character file.

Game seed: 7647808432526726174

581 timneilson the Distorting Demonspawn (level 7, -1/55 HPs)
             Began as a Demonspawn Abyssal Knight on Dec 18, 2021.
             Was a Believer of Lugonu.
             Slain by an orc warrior (5 damage)
             ... on level 3 of the Dungeon.
             The game lasted 00:04:51 (4808 turns).

timneilson the Distorting Demonspawn (DsAK)         Turns: 4808, Time: 00:04:51

Health: -1/55      AC: 10    Str: 15    XL:     7   Next: 13%
Magic:  10/10      EV:  7    Int: 12    God:    Lugonu [**....]
Gold:   112        SH:  0    Dex: 13    Spells: 6/6 levels left

rFire   . . .      SeeInvis .   a - +1 falchion
rCold   . . .      Faith    .   (no shield)
rNeg    . . .      Spirit   .   m - +0 chain mail
rPois   .          Reflect  .   (no helmet)
rElec   .          Harm     .   (no cloak)
rCorr   .          Rampage  .   (no gloves)
Will    .....                   (no boots)
Stlth   ..........              (no amulet)
HPRegen 0.18/turn               (no ring)
MPRegen 0.12/turn               (no ring)

@: mighty, hasted, very quick
A: rugged brown scales 1, spiny 1, weakness stinger 1
a: Renounce Religion, Depart the Abyss, Bend Space


You were on level 3 of the Dungeon.
You worshipped Lugonu.
Lugonu was pleased with you.
You visited 1 branch of the dungeon, and saw 6 of its levels.
You visited the Abyss 1 time.

You collected 112 gold pieces.

Inventory:

Hand Weapons
 a - a +1 falchion (weapon)
Armour
 m - a +0 chain mail (worn)
Wands
 j - a wand of charming (5)
Scrolls
 e - a scroll of teleportation
 f - 2 scrolls of vulnerability
Potions
 d - a potion of mutation
 k - a potion of ambrosia {unknown}
 l - a potion of berserk rage {unknown}


   Skills:
 + Level 4.1 Fighting
 * Level 4.0 Long Blades
 * Level 4.0 Armour
 + Level 2.6 Dodging
 + Level 4.4 Invocations


You had 6 spell levels left.
You didn't know any spells.
Your spell library contained the following spells:

 Spells                   Type           Power      Damage    Failure   Level
 Slow                     Hex            0%         N/A       99%         1
 Confusing Touch          Hex            0%         N/A       100%        3
 Vampiric Draining        Necr           0%         2d6       100%        3


Dungeon Overview and Level Annotations

Branches:
Dungeon (6/15)
 Temple: D:4-7

Altars:
Nemelex Xobeh


Innate Abilities, Weirdness & Mutations

You are partially covered in rugged brown scales. (AC +1, +3% HP)
You are partially covered in sharp spines.
You have a small tail.


Message History

You completely miss the orc priest.
The orc priest is severely wounded.
The orc warrior hits you with a +0 mace.
The orc priest is struck by your spines.
You kill the orc priest!
Lugonu accepts your kill.
Your Long Blades skill increases to level 4!
Your Armour skill increases to level 4!
It was a potion of haste.
You feel yourself speed up.
The orc warrior hits you with a +0 mace.
* * * LOW HITPOINT WARNING * * *
The orc wizard hits you but does no damage.
It was a potion of might.
You feel very mighty all of a sudden. The orc warrior completely misses you.
The orc wizard closely misses you.
It was a potion of curing.
You feel better.
The orc warrior hits you with a +0 mace.
* * * LOW HITPOINT WARNING * * *
You slash the orc wizard!
The orc wizard is heavily wounded.
The orc wizard gestures at you while chanting.
The magic dart hits you.
* * * LOW HITPOINT WARNING * * *
You slash the orc wizard!
You kill the orc wizard!
Lugonu accepts your kill.
The orc warrior hits you with a +0 mace.
* * * LOW HITPOINT WARNING * * *
The orc warrior is struck by your spines.
The orc warrior hits you with a +0 mace.
* * * LOW HITPOINT WARNING * * *
Items here: )) [ †.
You slash the orc warrior!
The orc warrior is severely wounded.
The orc warrior hits you with a +0 mace.
* * * LOW HITPOINT WARNING * * *
You hit the orc warrior.
The orc warrior is severely wounded.
The orc warrior hits you with a +0 mace.
You die...

....#
#..........##.......#.###.
....#
#..........##.......#.....
....#
#..........##.......######
....#
#####'##+####.......#####
....# #.......#
##..........# #'###
#.###.#.# ############.#
#.# #....<..# #......# #.#
#.# #..###..###.####.# #.#
#.#######..#...>@.#.# #.#
#.# #.......#..#.##.#o#.#
#.#####.#
#######.#..#....#.#.#
#.......#
#####.#######.#.#.#
######### #.....# #.#.#.#
#.###########.#.#.#
#.............#.#.#
###############.#.# #.#.#


You could see an orc warrior.

Vanquished Creatures
  Menkaure (D:4)
  2 necrophages
  A phantom (D:3)
  2 orc priests
  An orc wizard (D:3)
  5 adders
  3 worms
  2 orcs (D:4)
  8 endoplasms
  A giant cockroach (D:3)
  5 hobgoblins
  3 jackals (D:1)
  3 kobolds (D:1)
  4 quokkas
  7 ball pythons
  3 bats
  7 frilled lizards
  8 goblins
  7 rats
73 creatures vanquished.

Notes
Turn   | Place    | Note
-------+----------+-------------------------------------------
     0 | Abyss:1  | timneilson the Demonspawn Abyssal Knight began the quest
                  | for the Orb.
     0 | Abyss:1  | Reached XP level 1. HP: 18/18 MP: 2/2
    26 | Abyss:1  | Noticed a smoke demon
    27 | D:1      | Escaped the Abyss
   201 | D:1      | Reached skill level 1 in Dodging
   455 | D:1      | Reached * piety under Lugonu
   517 | D:1      | Gained mutation: You are partially covered in sharp spines.
                  | [demonic ancestry]
   517 | D:1      | Reached XP level 2. HP: 24/24 MP: 4/4
  1296 | D:2      | Reached XP level 3. HP: 19/29 MP: 5/5
  2054 | D:2      | Found a sparkling altar of Nemelex Xobeh.
  2437 | D:2      | Found a faded altar of an unknown god.
  2446 | D:2      | Gained mutation: You are partially covered in rugged brown
                  | scales. (AC +1, +3% HP) [demonic ancestry]
  2446 | D:2      | Reached XP level 4. HP: 19/36 MP: 6/6
  2919 | D:3      | Noticed a phantom
  2929 | D:3      | Killed a phantom
  2930 | D:3      | Reached XP level 5. HP: 30/42 MP: 7/7
  3627 | D:3      | Reached ** piety under Lugonu
  3881 | D:3      | You fall into a shaft and drop 3 floors!
  3882 | D:6      | Noticed a necrophage
  3894 | D:6      | Killed a necrophage
  3895 | D:6      | Gained mutation: You have a small tail. [demonic ancestry]
  3895 | D:6      | Reached XP level 6. HP: 43/49 MP: 8/8
  3895 | D:6      | Noticed an orc warrior
  3897 | D:5      | Entered Level 5 of the Dungeon
  4156 | D:4      | Noticed Menkaure
  4162 | D:4      | Killed Menkaure
  4435 | D:4      | Reached XP level 7. HP: 28/55 MP: 10/10
  4808 | D:3      | Slain by an orc warrior

Illustrated notes

Levels and vault maps discovered:
D:1:      saegor_arrival_simple_c, layout_loops_ring, roderic_nine_men_s_morris
D:2:      layout_basic, serial_glass, glass_columns_a, glass_columns_c,
          basic_ecumenical_altar, basic_altar
D:3:      layout_basic
D:4:      layout_gridville, grunt_temple_overflow_cloverleaf,
          mainiacjoe_overflow_alcove_2, serial_park_tiny_1, hex_medium,
          glass_columns_c, uniq_blork_the_orc, uniq_menkaure, uniq_eustachio
D:5:      layout_loops_ring, minmay_temple_entry_drinking_statues
D:6:      layout_basic, kennysheep_orc_sif_temple, serial_shops,
          nicolae_shop_trees, nrook_campfire

Skill      XL: |  1  2  3  4  5  6  7 |
---------------+----------------------+-----
Long Blades    | 2 3 4 |  4.0
Dodging        | 1 2 |  2.6
Armour         | 2 3 4 |  4.0
Invocations    | 3 4 |  4.4
Fighting       | 4 |  4.1

Action                   |  1- 3 |  4- 6 |  7- 9 || total
-------------------------+-------+-------+-------++-------
Melee: Falchion          |   113 |    68 |    12 ||   193
       Tailslap          |       |     5 |       ||     5
Invok: Depart the Abyss  |     1 |       |       ||     1
  Use: Scroll            |     1 |     2 |     2 ||     5
       Potion            |       |       |     3 ||     3
 Stab: Sleeping          |     1 |       |       ||     1
Armor: Leather armour    |    26 |    13 |       ||    39
       Chain mail        |       |       |     6 ||     6
Dodge: Dodged            |    72 |    31 |     9 ||   112

Table legend: (Time is in decaauts)
 A = Elapsed time spent in this place.
 B = Non-inter-level travel time spent in this place.
 C = Inter-level travel time spent in this place.
 D = Time resting spent in this place.
 E = Time spent auto-exploring this place.
 F = Levels seen in this place.
 G = Mean time per level.
                   A        B        C        D        E       F      G
               +--------+--------+--------+--------+--------+-----+--------+
         Total |   4838 |   4749 |     89 |    168 |   3991 |   7 |  691.1 |
       Dungeon |   4811 |   4722 |     89 |    168 |   3991 |   6 |  801.8 |
         Abyss |     27 |     27 |      0 |      0 |      0 |   1 |   27.0 |
               +--------+--------+--------+--------+--------+-----+--------+

Top non-repeatable levels by time:
     D:2: 1540 daAuts
     D:3: 1336 daAuts
     D:1: 1219 daAuts
     D:4: 560 daAuts
     D:5: 138 daAuts
 Abyss:1: 27 daAuts
     D:6: 16 daAuts
